 Dungeon Crawl Stone Soup version 0.24.0-123-gd5b16e6ec5 (webtiles) character file.

Game seed: 7223512097398093505, levelgen mode: deterministic

37 Delamore the Chopper (level 3, -4/31 HPs)
             Began as a Hill Orc Fighter on Dec 25, 2019.
             Slain by a gnoll
             ... wielding a +0 halberd
              (13 damage)
             ... on level 2 of the Dungeon.
             The game lasted 00:00:59 (1060 turns).

Delamore the Chopper (Hill Orc Fighter)             Turns: 1060, Time: 00:00:59

Health: -4/31      AC:  7    Str: 21    XL:     3   Next: 41%
Magic:  3/3        EV:  7    Int:  8    God:
Gold:   57         SH:  9    Dex: 10    Spells: 2/2 levels left

rFire    . . .     SeeInvis .   a - +0 war axe
rCold    . . .     Gourm    .   c - +0 shield
rNeg     . . .     Faith    .   b - +0 scale mail
rPois    .         Spirit   .   (no helmet)
rElec    .         Reflect  .   (no cloak)
rCorr    .         Harm     .   (no gloves)
MR       .....                  (no boots)
Stlth    ..........             (no amulet)
HPRegen  0.10/turn              (no ring)
MPRegen  0.08/turn              (no ring)

@: no status effects
A: blurry vision 1, shaggy fur 1, strong 1
a: no special abilities


You were on level 2 of the Dungeon.
You were hungry.

You visited 1 branch of the dungeon, and saw 2 of its levels.

You collected 57 gold pieces.

Inventory:

Hand Weapons
 a - a +0 war axe (weapon)
Armour
 b - a +0 scale mail (worn)
 c - a +0 shield (worn)
Scrolls
 e - a scroll of blinking {unknown}
 i - a scroll of enchant weapon {unknown}
 l - 3 scrolls of identify {unknown}
 n - a scroll of fog {unknown}
 o - 2 scrolls of remove curse {unknown}
 p - a scroll of teleportation {unknown}
Potions
 d - 2 potions of might
 j - a potion of flight {unknown}
 m - a potion of brilliance {unknown}
Comestibles
 f - 4 rations


   Skills:
 - Level 3.6 Fighting
 + Level 5.0 Axes
 - Level 3.2 Armour
 - Level 3.2 Shields


You had 2 spell levels left.
You didn't know any spells.
Your spell library was empty.

Dungeon Overview and Level Annotations

Branches:
Dungeon (2/15)

Altars:


Innate Abilities, Weirdness & Mutations

Scrolls take you a little longer to read.
You are covered in fur. (AC +1)
Your muscles are strong. (Str +2)


Message History

The bat hits you but does no damage. You block the bat's attack.
You block the bat's attack. The bat closely misses you.
You block the bat's attack. The bat barely misses you.
The bat hits you but does no damage. x2
The bat hits you but does no damage. You block the bat's attack.
The bat barely misses you. The bat barely misses you.
You block the bat's attack. The bat hits you but does no damage.
There is an open door here.
The bat hits you but does no damage. You block the bat's attack.
The bat hits you but does no damage. The bat barely misses you.
The bat hits you but does no damage.
You open the door.
You are feeling hungry.
The bat hits you but does no damage.
The gnoll hits you from afar with a +0 halberd!
You die...

######.......#.##. #..#
#<.............##. #..#
####...........##. #..#
....#......##..##.##..#
....#......# #.##..#..#
.<..#......###.(##.#..#
....+.................########
....#..>..#####'##..#.........
..........'.<#..@....#########
####......####..b....#
#......# #...g...# #+######
#....g..# ###..#'## ####.#.#
..##.#.# #.##.#.# #.##.#.#


You could see 2 gnolls and a bat.

Vanquished Creatures
  A gnoll (D:2)
  A worm (D:1)
  A dart slug (D:1)
  A ball python (D:1)
  A giant cockroach (D:1)
  3 hobgoblins (D:1)
  2 jackals (D:1)
  5 bats
  2 goblins (D:1)
  3 kobolds (D:1)
  2 rats (D:1)
22 creatures vanquished.

Notes
Turn   | Place    | Note
-------+----------+-------------------------------------------
     0 | D:1      | Delamore the Hill Orc Fighter began the quest for the Orb.
     0 | D:1      | Reached XP level 1. HP: 19/19 MP: 1/1
    53 | D:1      | Reached skill level 3 in Axes
   168 | D:1      | Reached XP level 2. HP: 23/26 MP: 2/2
   271 | D:1      | Reached skill level 4 in Axes
   889 | D:1      | Reached XP level 3. HP: 24/31 MP: 3/3
  1021 | D:2      | Reached skill level 5 in Axes
  1032 | D:2      | Gained mutation: Scrolls take you a little longer to read.
                  | [potion of mutation]
  1032 | D:2      | Gained mutation: You are covered in fur. (AC +1) [potion of
                  | mutation]
  1032 | D:2      | Gained mutation: Your muscles are strong. (Str +2) [potion
                  | of mutation]
  1060 | D:2      | Slain by a gnoll

Levels and vault maps discovered:
D:1:      onia_arrival_mini_maze_b, layout_loops_corners,
          hangedman_feature_mirror
D:2:      layout_basic, minmay_overflow_temple_star_hex, first_ration

Skill      XL: |  1  2  3 |
---------------+----------+-----
Axes           | 3 4 5 |  5.0
Fighting       | |  3.6
Armour         | |  3.2
Shields        | |  3.2

Action                   || total
-------------------------++-------
Melee: War axe           ||    53
  Use: Potion            ||     3
 Stab: Distracted        ||     1
Armor: Scale mail        ||    41
Dodge: Dodged            ||    30
Block: Shield            ||    53
